 Dungeon Crawl Stone Soup version 0.27.1-1-g398f81649c (webtiles) character file.

Game seed: 900413431679760470

49 VictoriousLee the Caller (level 3, -3/24 HPs)
             Began as a Barachi Summoner on Sept 22, 2021.
             Slain by Ijyb (4 damage)
             ... on level 3 of the Dungeon.
             The game lasted 00:10:49 (2285 turns).

VictoriousLee the Caller (Barachi Summoner)         Turns: 2285, Time: 00:10:49

Health: -3/24      AC:  3    Str:  9    XL:     3   Next: 77%
Magic:  0/6        EV: 12    Int: 16    God:
Gold:   41         SH:  0    Dex: 12    Spells: 3/6 levels left

rFire    . . .     SeeInvis .   i - staff of air
rCold    . . .     Faith    .   (no shield)
rNeg     . . .     Spirit   .   a - +0 robe
rPois    +         Reflect  .   (no helmet)
rElec    +         Harm     .   e - +0 cloak
rCorr    .         Rampage  .   (no gloves)
Will     .....                  (no boots)
Stlth    ++........             (no amulet)
HPRegen  0.08/turn              k - ring of poison resistance
MPRegen  0.10/turn              (no ring)

@: unable to hop, slow
A: amphibious, slowness 1, strong legs 1, +LOS
a: Hop


You were on level 3 of the Dungeon.
You visited 1 branch of the dungeon, and saw 3 of its levels.

You collected 41 gold pieces.

Inventory:

Hand Weapons
 b - a +0 dagger
 c - a +0 short sword
 d - a +0 falchion
Missiles
 f - 29 bolts
 j - 18 arrows
Armour
 a - a +0 robe (worn)
 e - a +0 cloak (worn)
 g - a +0 chain mail
 l - a +0 buckler
 n - a +0 leather armour
Magical Staves
 i - a staff of air (weapon)
Jewellery
 k - a ring of poison resistance (left hand)
 s - a ring of ice
Scrolls
 h - 2 scrolls of identify {unknown}
 q - a scroll of amnesia {unknown}
 r - a scroll of summoning {unknown}
Potions
 m - a potion of haste {unknown}
 o - a potion of degeneration {unknown}
 p - a potion of heal wounds {unknown}


   Skills:
 - Level 2.1 Dodging
 - Level 1.7 Stealth
 - Level 2.1 Spellcasting
 - Level 6.0 Summonings
 * Level 1.8 Air Magic


You had 3 spell levels left.
You knew the following spells:

 Your Spells              Type           Power      Damage    Failure   Level
a - Call Imp              Summ           20%        N/A       2%          2
b - Summon Small Mammal   Summ           80%        N/A       1%          1

Your spell library contained the following spells:

 Spells                   Type           Power      Damage    Failure   Level
 Call Canine Familiar     Summ           20%        N/A       5%          3
 Summon Guardian Golem    Hex/Summ       11%        N/A       19%         3
 Magic Dart               Conj           4%         1d3       21%         1
 Mephitic Cloud           Conj/Pois/Air  5%         N/A       43%         3
 Summon Lightning Spire   Summ/Air       21%        N/A       38%         4


Dungeon Overview and Level Annotations

Branches:
Dungeon (3/15)

Altars:

Annotations:
D:3 Ijyb


Innate Abilities, Weirdness & Mutations

You are amphibious.
You cover ground slowly.
You can hop short distances.
You have an extended range of vision and can be seen from far away.


Message History

Ijyb hits you with a +2 dagger of speed!
Your iron imp closely misses Ijyb.
You barely miss Ijyb.
Ijyb is moderately wounded.
Ijyb hits you with a +2 dagger of speed. x2
* * * LOW HITPOINT WARNING * * *
Your iron imp hits Ijyb!
You catch the helpless Ijyb completely off-guard!
You hit Ijyb.
Ijyb is severely wounded.
Ijyb hits you with a +2 dagger of speed.
* * * LOW HITPOINT WARNING * * *
Ijyb barely misses you.
Your iron imp closely misses Ijyb.
You aren't carrying any items that you can evoke.
Unknown command.
Hop to where?
Press: ? - help, Dir - move target, p - Ijyb Boing!
Casting: Call Imp (safe; 2% risk of failure)
Press: ? - help, Q - select action, (/) - cycle Dir - look around, f - activate A beastly little devil appears in a puff of frigid air.
Your iron imp closely misses Ijyb.
What are your orders? t - Croak!
Orders for allies: a - Attack new target. r - Retreat! s - Stop attacking. g - Guard the area. f - Follow me.
Anything else - Cancel.
Gang up on whom?
Press: ? - help, Dir - move target, f - Ijyb
Aim: Ijyb, wielding a +2 dagger of speed and wearing a +0 leather armour (severely wounded, ally target) Attack!
Your white imp gestures at Ijyb.
The puff of frost hits Ijyb.
You hit Ijyb.
Ijyb is almost dead.
Ijyb hits you with a +2 dagger of speed.
* * * LOW HITPOINT WARNING * * *
Ijyb hits you with a +2 dagger of speed.
You die...

#.... #### ##....
#.#.# ####..###
#.#.# ###....##
#.#.## #...####
#.#.###.###
##.#....#
##55...###
#@g##.#.#
#.####.#.#########
#..5..............
##################


You could see Ijyb (ally target), a friendly iron imp (summoned) and a friendly
white imp (summoned).

Vanquished Creatures
  A dart slug (D:2)
  2 ball pythons
  4 bats
  2 endoplasms (D:1)
  2 giant cockroaches (D:1)
  3 hobgoblins (D:1)
  3 jackals (D:2)
  2 frilled lizards
  4 goblins (D:2)
  3 rats
26 creatures vanquished.

Vanquished Creatures (collateral kills)
  A dart slug (D:2)
  An endoplasm (D:1)
  2 giant cockroaches
  2 goblins (D:1)
  A hobgoblin (D:2)
  7 jackals
  2 ball pythons (D:2)
  2 bats (D:1)
  2 kobolds
  A rat (D:1)
21 creatures vanquished.

Grand Total: 47 creatures vanquished

Notes
Turn   | Place    | Note
-------+----------+-------------------------------------------
     0 | D:1      | VictoriousLee the Barachi Summoner began the quest for the
                  | Orb.
     0 | D:1      | Reached XP level 1. HP: 13/13 MP: 3/3
    64 | D:1      | Reached skill level 5 in Summonings
    95 | D:1      | Reached XP level 2. HP: 18/19 MP: 3/5
   115 | D:1      | Learned a level 2 spell: Call Imp
   801 | D:1      | Reached XP level 3. HP: 9/24 MP: 2/6
  1198 | D:2      | Found a faded altar of an unknown god.
  1216 | D:2      | Reached skill level 6 in Summonings
  1590 | D:2      | Reached skill level 1 in Air Magic
  2245 | D:3      | Noticed Ijyb
  2285 | D:3      | HP: 1/24 [Ijyb (5)]
  2285 | D:3      | Slain by Ijyb

Illustrated notes

Levels and vault maps discovered:
D:1:      noname_arrival_rooms_in_the_neighbourhood, layout_rooms,
          minmay_misc_feat_rugged
D:2:      layout_basic, dreamdust_ecumenical_altar_grove,
          minmay_indecisive_spiral
D:3:      layout_rooms, uniq_crazy_yiuf_cottage, uniq_grinder, uniq_ijyb

Skill      XL: |  1  2  3 |
---------------+----------+-----
Summonings     | 5 6 |  6.0
Air Magic      | 1 |  1.8
Dodging        | |  2.1
Stealth        | |  1.7
Spellcasting   | |  2.1

Action                   || total
-------------------------++-------
Melee: Short sword       ||    36
       Falchion          ||    33
       Staff             ||    84
 Cast: Summon Small Mamm ||    14
       Call Imp          ||    11
 Abil: Hop               ||     3
 Stab: Sleeping          ||     5
       Distracted        ||     2
Armor: Robe              ||    55
Dodge: Dodged            ||   140
       Rpst.: Falchion   ||    10
